[Event "Late-Titled-Tuesday-Blitz-August-29-2023"]
[Site "Chess.com"]
[Date "2023.08.29"]
[Round "1"]
[White "MITerryble"]
[Black "Bilan_Danila"]
[Result "1-0"]
[WhiteElo "2921"]
[BlackElo "2485"]
[TimeControl "180+1"]
[EndTime "14:05:54 PDT"]
[Termination "MITerryble won by resignation"]

1. d4 d5 2. Nf3 Nf6 3. c4 c6 4. Nc3 e6 5. Bg5 Nbd7 6. e3 Qa5 7. Nd2 Bb4 8. Bxf6 Nxf6 9. Qc2 O-O 10. Bd3 dxc4 11. Nxc4 Qg5 12. O-O b6 13. Ne4 Nxe4 14.
Bxe4 Bb7 15. Bxh7+ Kh8 16. Be4 Rac8 17. f4 Qe7 18. Rf3 f5 19. Ne5 Qf6 20. Rh3+ Kg8 21. Bf3 Rc7 22. Rg3 Rfc8 23. Qb3 Bd6 24. Rg6 Bxe5 25.
Rxf6 Bxf6 26. Qxe6+ Kf8 27. Qxf5 Re7 28. Kf2 Kg8 29. Be4 Rce8 30. Qh7+ Kf8 31. Bg6 1-0

[Event "Late-Titled-Tuesday-Blitz-August-29-2023"]
[Site "Chess.com"]
[Date "2023.08.29"]
[Round "1"]
[White "Kostukov_Alex"]
[Black "Berardino"]
[Result "1-0"]
[WhiteElo "2403"]
[BlackElo "2672"]
[TimeControl "180+1"]
[EndTime "14:05:55 PDT"]
[Termination "Kostukov_Alex won on time"]

1. g3 d5 2. Bg2 e5 3. c4 d4 4. d3 c5 5. Nf3 Nc6 6. O-O Bd6 7. e3 Nge7 8. exd4 cxd4 9. a3 a5 10. Ng5 O-O 11. Qh5 Bf5 12. Ne4 Bc7 13. Qe2 Rb8 14. Bd2 Bg6 15. b4 axb4 16. axb4 b6 17.
b5 Na5 18. Bxa5 bxa5 19. Nc5 h6 20. Nd2 Qc8 21. Na6 Rb6 22. Nxc7 Qxc7 23. Rxa5 f5 24. Rfa1 Qd6 25. Ra6 Rfb8 26. Nb3 Qb4 27. Rxb6 Rxb6 28. Qxe5 Qxb3 29. Qxe7 Kh7 30. Ra7 1-0

[Event "Late-Titled-Tuesday-Blitz-August-29-2023"]
[Site "Chess.com"]
[Date "2023.08.29"]
[Round "1"]
[White "Kleyton_Lima"]
[Black "Mariia89"]
[Result "1-0"]
[WhiteElo "2525"]
[BlackElo "1969"]
[TimeControl "180+1"]
[EndTime "14:05:56 PDT"]
[Termination "Kleyton_Lima won on time"]

1. e4 c6 2. d4 d5 3. e5 Bf5 4. h4 h5 5. Bd3 Bxd3 6. Qxd3 e6 7.
Bg5 Be7 8. Nf3 c5 9. dxc5 Nc6 10. Nc3 a6 11. O-O Bxg5 12. hxg5 Nge7 13. Rfe1 Nf5 14.
Ne2 Rc8 15. g6 fxg6 16. Nf4 Kf7 17. Rad1 g5 18. Nh3 g4 19. Nfg5+ Ke7 20. Nf4 Rh6 21. Ngxe6 Rxe6 22. Nxd5+ Kf8 23. Qxf5+ 1-0

[Event "Late-Titled-Tuesday-Blitz-August-29-2023"]
[Site "Chess.com"]
[Date "2023.08.29"]
[Round "1"]
[White "angryspacevoid"]
[Black "Cluke86"]
[Result "1-0"]
[WhiteElo "2580"]
[BlackElo "2259"]
[TimeControl "180+1"]
[EndTime "14:06:01 PDT"]
[Termination "angryspacevoid won on time"]

1. e4 e5 2. f4 exf4 3. d4 d5 4. e5 f6 5. Bxf4 fxe5 6. Qh5+ Kd7 7. Qxe5 Qe7 8. Nc3 c6 9. O-O-O Qxe5 10. Bxe5 Nf6 11.
Nf3 Ng4 12. Bg3 Ne3 13. Ne5+ Ke8 14. Re1 Nxf1 15. Rhxf1 Be7 16. Nf7 Rf8 17. Bd6 Rxf7 18. Rxf7 Kxf7 19. Rxe7+ Kg6 20. Re8 Nd7 21. Ne2 Nf6 22.
Re7 Ne4 23. Be5 Nf6 24. h3 b6 25. g4 Ba6 26. Nf4+ Kh6 27. Ne6 Re8 28. g5+ Kg6 29.
gxf6 1-0

[Event "Late-Titled-Tuesday-Blitz-August-29-2023"]
[Site "Chess.com"]
[Date "2023.08.29"]
[Round "1"]
[White "lefonghua"]
[Black "secretsuperstar7"]
[Result "0-1"]
[WhiteElo "2643"]
[BlackElo "2378"]
[TimeControl "180+1"]
[EndTime "14:06:05 PDT"]
[Termination "secretsuperstar7 won by resignation"]

1. d4 Nf6 2. c4 e6 3. Nc3 d5 4. cxd5 exd5 5. Bg5 Be7 6. e3 O-O 7. Bd3 c5 8. dxc5 Bxc5 9. Nf3 Be6 10. O-O Nc6 11.
Nb5 a6 12. Nbd4 Nxd4 13. Nxd4 Bxd4 14. exd4 h6 15. Bh4 Re8 16. Qf3 g5 17. Qg3 Nh5 18. Qf3 Nf6 19. Qg3 Kf8 20. Bxg5 hxg5 21. Qxg5 Ng8 22.
Qg3 Qf6 23. Rad1 Bf5 24. Bxf5 Qxf5 25. Qd6+ Kg7 26. Rc1 Rac8 27. h3 Nf6 28. Qg3+ Qg6 29. Qb3 b5 30. Qa3 Nh5 31. Qf3 Qg5 32. Rce1 Nf4 33.
Kh2 Ng6 34. g3 Rh8 35. Re3 Rxh3+ 36. Kg2 Nh4+ 37. Kxh3 Nxf3 38. Rxf3 Qh5+ 39. Kg2 Rh8 0-1

[Event "Late-Titled-Tuesday-Blitz-August-29-2023"]
[Site "Chess.com"]
[Date "2023.08.29"]
[Round "1"]
[White "joksijoksi"]
[Black "GGuseinov"]
[Result "0-1"]
[WhiteElo "2456"]
[BlackElo "2860"]
[TimeControl "180+1"]
[EndTime "14:06:06 PDT"]
[Termination "GGuseinov won by resignation"]

1. d4 Nf6 2. c4 g6 3. Nc3 Bg7 4. e4 d6 5. Be2 O-O 6. Be3 Na6 7. Nf3 e5 8. d5 c6 9. O-O Ng4 10. Bd2 c5 11. h3 Nf6 12. a3 Nh5 13. Ne1 Nf4 14. Nd3 Nxe2+ 15. Qxe2 f5 16. exf5 gxf5 17. f4 e4 18. Ne1 Nc7 19. a4 Ne8 20. Nc2 Nf6 21.
Ne3 Qe8 22. Nb5 Qe7 23. a5 h5 24. b4 a6 25. Na3 Nd7 26. Rab1 Qf7 27. b5 Qg6 28. Rb3 Kh7 29. Rfb1 Rg8 30. Bc3 Bh6 31. Qf2 Ne5 32. Kh1 Nd3 33. Qf1 Bxf4 34. Bd2 Qg3 35. Qg1 Nf2+ 0-1

[Event "Late-Titled-Tuesday-Blitz-August-29-2023"]
[Site "Chess.com"]
[Date "2023.08.29"]
[Round "1"]
[White "GOGIEFF"]
[Black "2k28Lakers"]
[Result "1-0"]
[WhiteElo "3032"]
[BlackElo "2507"]
[TimeControl "180+1"]
[EndTime "14:06:11 PDT"]
[Termination "GOGIEFF won by resignation"]

1. d4 Nf6 2. Nf3 e6 3. g3 b6 4. Bg2 Bb7 5. c4 Be7 6. O-O O-O 7. Nc3 Ne4 8. Qc2 Nxc3 9. Qxc3 d6 10. Rd1 Nd7 11. b3 Bf6 12. Bb2 c5 13. Qd2 cxd4 14. Bxd4 d5 15. cxd5 Bxd5 16. Rac1 Bxd4 17. Nxd4 Bxg2 18.
Kxg2 Nf6 19. Nc6 Qxd2 20. Rxd2 Rfe8 21. Kf3 Kf8 22. e4 e5 23. b4 a6 24. a4 Re6 25.
Nd8 Re8 26. Nb7 Rec8 27. Rdc2 Rxc2 28. Rxc2 Ke7 29. Rc7+ Nd7 30. a5 bxa5 31. bxa5 Ra7 32. Ke3 h5 33. f4 f6 34. f5 h4 35. gxh4 Ra8 36. Nc5 Kd6 37. Rxd7+ Kxc5 38. Rxg7 Rh8 39. Rg6 Rxh4 40. Rxf6 Rh3+ 41. Kf2 Rxh2+ 42. Kg3 Ra2 43. Rxa6 Kd4 44. f6 Kxe4 45. f7 Ra3+ 46. Kg4 Rf3 47.
Ra7 Rf1 48. a6 Kd5 49. Re7 Rg1+ 50. Kf5 Rf1+ 51. Kg6 Rg1+ 52. Kf6 Rf1+ 53. Kg7 Rg1+ 54. Kf8 Ra1 55. Ke8 Rxa6 56. f8=Q Ra8+ 57. Kf7 Rxf8+ 58.
Kxf8 e4 59. Kf7 Kd4 60. Kf6 e3 61. Kf5 Kd3 62. Kf4 e2 63. Kf3 Kd2 64. Rxe2+ 1-0

[Event "Late-Titled-Tuesday-Blitz-August-29-2023"]
[Site "Chess.com"]
[Date "2023.08.29"]
[Round "1"]
[White "GM_dmitrij"]
[Black "subham777"]
[Result "1-0"]
[WhiteElo "3052"]
[BlackElo "2514"]
[TimeControl "180+1"]
[EndTime "14:06:12 PDT"]
[Termination "GM_dmitrij won by resignation"]

1. e4 e6 2. d4 d5 3. exd5 exd5 4. Nf3 Nf6 5. Bd3 Bd6 6. Qe2+ Be7 7. O-O O-O 8. Re1 Re8 9. Bg5 Bd7 10. Ne5 c5 11. dxc5 Bxc5 12. Nc3 Bd4 13. Bxh7+ Kxh7 14. Qd3+ Kg8 15.
Qxd4 Nc6 16. Nxc6 bxc6 17. Rxe8+ Bxe8 18. Re1 a5 19. Na4 Rb8 20. b3 Qd6 21. Bxf6 Qxf6 22.
Qxf6 gxf6 23. Re7 Kf8 24. Ra7 Rb5 25. h4 Kg7 26. a3 d4 27. Nb2 Re5 28. Kf1 Re4 29. g3 c5 30. Rxa5 Re5 31. Nd3 Rf5 32. Rxc5 Rxc5 33. Nxc5 Kg6 34. a4 1-0

[Event "Late-Titled-Tuesday-Blitz-August-29-2023"]
[Site "Chess.com"]
[Date "2023.08.29"]
[Round "1"]
[White "JSlaby"]
[Black "Zhigalko_Sergei"]
[Result "1/2-1/2"]
[WhiteElo "2502"]
[BlackElo "2929"]
[TimeControl "180+1"]
[EndTime "14:06:13 PDT"]
[Termination "Game drawn by repetition"]

1. Nf3 d5 2. c4 d4 3. g3 Nc6 4.
Bg2 e5 5. d3 Nf6 6. O-O a5 7.
e3 Bc5 8. exd4 Bxd4 9. Nxd4 Nxd4 10. Re1 O-O 11. Nc3 Re8 12. Bg5 h6 13. Bxf6 Qxf6 14. f4 Bf5 15. Nd5 Qd6 16. Rc1 exf4 17. Nxf4 c6 18.
c5 Qd7 19. Qd2 Ne6 20. Nxe6 Bxe6 21. d4 Bxa2 22. b4 Bd5 23. bxa5 Bxg2 24. Kxg2 Qd5+ 25. Kg1 h5 26. Rb1 Rxe1+ 27. Rxe1 Rd8 28. Re7 Qb3 29. Qf4 Rf8 30. Qe5 Qd1+ 31. Kg2 h4 32. gxh4 Qg4+ 33. Kf2 Qxh4+ 34. Kg2 Qg4+ 35. Kf2 Qh4+ 36. Kg2 Qg4+ 37. Kf2 Qh4+ 1/2-1/2

[Event "Late-Titled-Tuesday-Blitz-August-29-2023"]
[Site "Chess.com"]
[Date "2023.08.29"]
[Round "1"]
[White "NowInChess"]
[Black "Russian_berezka"]
[Result "1-0"]
[WhiteElo "2277"]
[BlackElo "2564"]
[TimeControl "180+1"]
[EndTime "14:06:14 PDT"]
[Termination "NowInChess won on time"]

1. e4 g6 2. d4 Bg7 3. Nf3 c6 4. Bc4 d5 5. exd5 cxd5 6. Bd3 Nc6 7. c3 Nf6 8. O-O O-O 9. Re1 b6 10. h3 Bb7 11. Bf4 Rc8 12. Nbd2 Re8 13. Ne5 Nxe5 14. Bxe5 Nd7 15. Bxg7 Kxg7 16. Nf3 Qc7 17. Qe2 Qd6 18. Ne5 Nxe5 19. Qxe5+ Qxe5 20. Rxe5 e6 21. Rae1 a6 22.
f4 b5 23. a3 Bc6 24. R5e3 a5 25. b4 axb4 26. axb4 Ra8 27. g4 Ra3 28. Bf1 Rea8 29. f5 gxf5 30. gxf5 Bd7 31. fxe6 fxe6 32. Rg3+ Kf7 33.
Bd3 1-0

[Event "Late-Titled-Tuesday-Blitz-August-29-2023"]
[Site "Chess.com"]
[Date "2023.08.29"]
[Round "1"]
[White "Colombiano07"]
[Black "maciek_92"]
[Result "0-1"]
[WhiteElo "2417"]
[BlackElo "2721"]
[TimeControl "180+1"]
[EndTime "14:06:16 PDT"]
[Termination "maciek_92 won by resignation"]

1. d4 Nf6 2. c4 d6 3. Nc3 Nbd7 4. e4 e5 5. Nge2 g6 6. f3 Bg7 7. Be3 h5 8. Qd2 a6 9. h4 O-O 10. O-O-O b5 11. Kb1 Bb7 12. Bh6 b4 13. Nd5 a5 14.
g4 Bxd5 15. cxd5 exd4 16. Bxg7 Kxg7 17. g5 Ng8 18. Qxd4+ Kh7 19. Bh3 Nc5 20. Nc1 a4 21.
Nd3 a3 22. Nxc5 dxc5 23. Qxc5 axb2 24. Rh2 b3 25. Rxb2 bxa2+ 26. Ka1 Re8 27. Rc1 Re7 28. Rb7 Rb8 29. Rxc7 Rb1+ 30. Rxb1 axb1=Q+ 31. Kxb1 Rxc7 0-1

[Event "Late-Titled-Tuesday-Blitz-August-29-2023"]
[Site "Chess.com"]
[Date "2023.08.29"]
[Round "1"]
[White "ViktoriyaTarasova"]
[Black "lamomiajunior"]
[Result "0-1"]
[WhiteElo "2429"]
[BlackElo "2745"]
[TimeControl "180+1"]
[EndTime "14:06:18 PDT"]
[Termination "lamomiajunior won on time"]

1. d4 Nf6 2. c4 e6 3. Nc3 Bb4 4.
Nf3 d5 5. cxd5 exd5 6. Bg5 h6 7.
Bh4 O-O 8. Qc2 c5 9. e3 g5 10. Bg3 Ne4 11. Bd3 Bxc3+ 12. bxc3 Bf5 13. Nd2 Re8 14.
O-O Nxd2 15. Qxd2 Bxd3 16. Qxd3 c4 17. Qf5 Qd7 18. Qf3 Nc6 19. h4 Kg7 20. Rab1 b6 21.
Rfe1 Re4 22. Qh5 Qf5 23. Rb5 Rae8 24. hxg5 hxg5 25. Qf3 Qe6 26. Rd1 f6 27. a4 Na5 28.
Qe2 Nb3 29. Qc2 Rc8 30. Rb1 Qc6 31. R1xb3 cxb3 32. Qxb3 Qxc3 33. Qxd5 Qc1+ 34. Kh2 Rh8+ 0-1

[Event "Late-Titled-Tuesday-Blitz-August-29-2023"]
[Site "Chess.com"]
[Date "2023.08.29"]
[Round "1"]
[White "Thjop"]
[Black "GMMikhailKazakov"]
[Result "1-0"]
[WhiteElo "2691"]
[BlackElo "2390"]
[TimeControl "180+1"]
[EndTime "14:06:20 PDT"]
[Termination "Thjop won on time"]

1. d4 Nf6 2. g3 d5 3. Bg2 c6 4. Nf3 g6 5. O-O Bg7 6. Be3 O-O 7. Qc1 Bf5 8. Bh6 Nbd7 9. Bxg7 Kxg7 10. h3 c5 11. g4 Be4 12. dxc5 Nxc5 13. Nbd2 Rc8 14. c3 Bxf3 15. Nxf3 Qc7 16. Qe3 Nfe4 17.
Qd4+ f6 18. Qxd5 Rfd8 19. Qc4 b5 20. Qxb5 Rb8 21. Qc4 Rxb2 22. Nd4 e5 23. Bxe4 exd4 24. cxd4 Na6 25. Qxa6 Rxd4 26. Bf3 Rdd2 27. Rac1 Qe7 28. Qc8 Kh6 29. Rc7 Qd6 30. Rc6 Qe5 31. Qf8+ Kg5 32.
Rc5 1-0

[Event "Late-Titled-Tuesday-Blitz-August-29-2023"]
[Site "Chess.com"]
[Date "2023.08.29"]
[Round "1"]
[White "ilushka"]
[Black "Druid24"]
[Result "0-1"]
[WhiteElo "2355"]
[BlackElo "2654"]
[TimeControl "180+1"]
[EndTime "14:06:24 PDT"]
[Termination "Druid24 won by resignation"]

1. e4 c6 2. Nf3 d5 3. Nc3 Bg4 4. h3 Bxf3 5. Qxf3 e6 6. d4 Nd7 7.
Bd3 dxe4 8. Nxe4 Ngf6 9. O-O Nxe4 10. Qxe4 Nf6 11. Qh4 Be7 12. Rd1 h6 13. c3 Nd5 14.
Qg3 Bf6 15. a4 Bg5 16. a5 O-O 17. a6 b5 18. Be4 Bxc1 19. Raxc1 Qg5 20. Qxg5 hxg5 21.
Bxd5 cxd5 22. Ra1 Rab8 23. Kf1 Rfc8 24. Ke2 b4 25. Kd3 b3 26. Ra4 Rc6 27. Rda1 Rbb6 28. R1a3 f5 29. g3 Kf7 30. f4 gxf4 31. gxf4 Kf6 32.
Ra5 g5 33. fxg5+ Kxg5 34. Rc5 Rxa6 35. Rxc6 Rxc6 36. Rxa7 Rb6 37. Rg7+ Kf4 38. h4 Ra6 39. Rb7 Kg3 40. h5 f4 41. h6 Ra1 42. Rg7+ Kf2 43. h7 Rh1 44. c4 dxc4+ 45. Kxc4 f3 46. Kxb3 Ke2 47. Kc4 f2 48. Rf7 f1=Q 49. Rxf1 Kxf1 50.
b4 Rxh7 51. b5 Rc7+ 52. Kb4 Ke2 53. b6 Rc1 54. Kb5 Kd3 55. b7 Rb1+ 56. Kc6 Kxd4 57. Kc7 Rxb7+ 0-1

[Event "Late-Titled-Tuesday-Blitz-August-29-2023"]
[Site "Chess.com"]
[Date "2023.08.29"]
[Round "1"]
[White "Training_Day"]
[Black "bascheyaro"]
[Result "0-1"]
[WhiteElo "2432"]
[BlackElo "2805"]
[TimeControl "180+1"]
[EndTime "14:06:25 PDT"]
[Termination "bascheyaro won on time"]

1. e4 e6 2. d4 d5 3. exd5 exd5 4. Nf3 Nf6 5. Bd3 c5 6. O-O c4 7.
Re1+ Be7 8. Bf1 O-O 9. b3 cxb3 10.
axb3 Nc6 11. Bf4 Bf5 12. Ne5 Nb4 13. Na3 Rc8 14. c4 a6 15. h3 h6 16. c5 Re8 17.
Nd3 Nc6 18. Nc2 Ne4 19. Ne5 Nxe5 20. Bxe5 Bxc5 21. Bxg7 Qh4 22. Qf3 Nxf2 23. Qxf5 Bd6 24. Bf6 Qg3 25. Rxe8+ Rxe8 26. Be5 Rxe5 27. Qxf2 Qc3 28.
dxe5 Bc5 29. Qxc5 Qxc5+ 30. Kh1 Qxc2 0-1

[Event "Late-Titled-Tuesday-Blitz-August-29-2023"]
[Site "Chess.com"]
[Date "2023.08.29"]
[Round "1"]
[White "campochess"]
[Black "betta2004"]
[Result "0-1"]
[WhiteElo "2198"]
[BlackElo "2557"]
[TimeControl "180+1"]
[EndTime "14:06:25 PDT"]
[Termination "betta2004 won by resignation"]

1. d4 Nf6 2. Bg5 Ne4 3. h4 c5 4.
d5 h6 5. Bf4 d6 6. Nd2 Qa5 7.
c3 Nxd2 8. Qxd2 Nd7 9. e4 b5 10. b4 cxb4 11. cxb4 Qb6 12. Be3 Qb8 13. Nf3 Nf6 14.
Bd3 g6 15. Nd4 a6 16. Nc6 Qc7 17. f3 Bg7 18. Bd4 Bd7 19. Na5 Rc8 20. O-O O-O 21.
Rac1 Qb8 22. Qb2 Rxc1 23. Rxc1 Rc8 24. Rxc8+ Qxc8 25. Qc3 Qxc3 26. Bxc3 Nxd5 27. Bxg7 Nxb4 28. Bxh6 Nxd3 29. Bd2 Kg7 30. Kf1 Kf6 31. Ke2 Nc5 32. Bc3+ e5 33. Ke3 Be6 34. a3 Ke7 35. Bb4 Kd7 36.
f4 exf4+ 37. Kxf4 Nd3+ 38. Ke3 Ne5 39. Kd4 f6 40. Nb7 Nc4 41. Na5 Nb6 42. Nb7 Nc8 43. Na5 Bg4 44. Nb3 Bd1 45. Nd2 Ne7 46. Bc3 Ke6 47.
Nf1 Nc6+ 48. Ke3 d5 49. exd5+ Kxd5 50. Kd2 Bh5 51. Bxf6 Ne5 52. Kc3 Nc4 53. g4 Bxg4 54. Ne3+ Nxe3 55. Kb4 Be2 56. Ka5 Nc2 57. Be7 Ke4 58.
Bb4 Nxb4 59. axb4 Kf4 0-1

[Event "Late-Titled-Tuesday-Blitz-August-29-2023"]
[Site "Chess.com"]
[Date "2023.08.29"]
[Round "1"]
[White "Adham_Fawzy"]
[Black "Dontmesswithme_2"]
[Result "0-1"]
[WhiteElo "2887"]
[BlackElo "2490"]
[TimeControl "180+1"]
[EndTime "14:06:26 PDT"]
[Termination "Dontmesswithme_2 won by resignation"]

1. e4 c5 2. Nf3 d6 3. d4 cxd4 4. Nxd4 Nf6 5. Nc3 a6 6. Bg5 Nbd7 7. Bc4 Qb6 8. Bb3 e6 9. Bxf6 Nxf6 10. Qd2 Be7 11. O-O-O Nd7 12. f4 Nc5 13. Rhe1 Qc7 14.
Nf5 O-O 15. Nxe7+ Qxe7 16. Qxd6 Qxd6 17. Rxd6 b5 18. Rc6 Nxb3+ 19. axb3 b4 20. Na4 Bd7 21. Rc7 Bb5 22. Rd1 Rad8 23. Rxd8 Rxd8 24. c4 bxc3 25.
bxc3 Bf1 26. g3 h5 27. Nc5 g6 28. c4 Rd4 29. Kc2 Bg2 30. Kc3 Rd1 31. e5 Rh1 32. Nxa6 Rxh2 33. b4 Rh3 34. b5 Rxg3+ 35. Kb4 h4 36.
Rd7 h3 37. Rd1 h2 38. b6 Bb7 39. Nc5 Bc6 40. b7 Bxb7 41. Nxb7 Rg1 42. Rd8+ Kg7 43. Nd6 h1=Q 44. Ne8+ Kh6 45. Nf6 Rb1+ 46. Kc5 Qg1+ 47. Kd6 Rd1+ 48. Ke7 Rxd8 49. Kxd8 Qd4+ 50. Ke7 Qxc4 51.
Kxf7 Qxf4 52. Kxe6 Qf5+ 53. Kd6 Kg7 54. Ne8+ Kf8 55. Nc7 Qd3+ 56. Nd5 g5 57. e6 g4 58.
e7+ Ke8 59. Ke6 Qxd5+ 60. Kxd5 g3 0-1

[Event "Late-Titled-Tuesday-Blitz-August-29-2023"]
[Site "Chess.com"]
[Date "2023.08.29"]
[Round "1"]
[White "Karttunen"]
[Black "Apocalyps999"]
[Result "1/2-1/2"]
[WhiteElo "2623"]
[BlackElo "2333"]
[TimeControl "180+1"]
[EndTime "14:06:27 PDT"]
[Termination "Game drawn by agreement"]

1. c4 e6 2. g3 d5 3. Bg2 Nf6 4.
Nf3 dxc4 5. Qc2 a6 6. O-O c5 7. Ne5 Qc7 8. Nxc4 Nc6 9. d3 Nd5 10. a3 b5 11. e4 Nd4 12. Qd1 Nb6 13. Bf4 Qd8 14. Nxb6 Qxb6 15. Nc3 Bb7 16. Ne2 Nxe2+ 17. Qxe2 Bd6 18. Be3 O-O 19. b4 Rac8 20. e5 Bxg2 21. Kxg2 Qb7+ 22. Qf3 Qxf3+ 23. Kxf3 Bxe5 24. Bxc5 Bxa1 25.
Bxf8 Kxf8 26. Rxa1 Rc3 27. Ke4 Rc2 28. Ke3 Ke7 29.
a4 Rb2 30. axb5 axb5 31. Ra7+ Kf6 1/2-1/2

[Event "Late-Titled-Tuesday-Blitz-August-29-2023"]
[Site "Chess.com"]
[Date "2023.08.29"]
[Round "1"]
[White "Karina_Ivanova"]
[Black "koziororo"]
[Result "0-1"]
[WhiteElo "2305"]
[BlackElo "2605"]
[TimeControl "180+1"]
[EndTime "14:06:29 PDT"]
[Termination "koziororo won by resignation"]

1. Nf3 Na6 2. c4 b6 3. d4 c5 4. Nc3 cxd4 5. Nxd4 g6 6. e4 Bg7 7. Be2 Bb7 8. O-O d6 9. Be3 Nf6 10. f3 O-O 11. Rc1 Rc8 12. Qd2 Re8 13. Rfd1 Nc5 14. b4 Ncd7 15. Nd5 Ne5 16. a3 Qd7 17. h3 Nxd5 18. cxd5 Rxc1 19. Rxc1 Rc8 20. Rxc8+ Qxc8 21. Qc2 Qxc2 22. Nxc2 Kf8 23. Kf2 Ke8 24. Ke1 e6 25.
dxe6 fxe6 26. Kd2 h6 27. h4 Ke7 28. Nd4 Nc6 29. Nxc6+ Bxc6 30. g4 h5 31. gxh5 gxh5 32.
Bd3 Bb2 33. b5 Bd7 34. a4 Bf6 35. Bf2 e5 36. Bc4 Bg7 37. Be3 Bf6 38. Bf2 Kf8 39. Ke2 Kg7 40. Kf1 Kg6 41. Kg2 Bg7 42. Kg3 Bh6 43.
a5 Bf4+ 44. Kg2 bxa5 45. Bxa7 a4 46. b6 Bc6 47. Bd5 Bxd5 48. exd5 Be3 49. Bb8 Bxb6 50. Bxd6 Kf5 51. Bb4 Bd8 52. Kg3 Bc7 53. Kg2 Bb6 54.
Kg3 Bd4 55. Ba3 Bc3 56. Kg2 Be1 57. Be7 Bd2 58. Kg3 Bf4+ 59. Kg2 Be3 60. Ba3 Bd4 61. Kg3 Bc3 62. Kg2 Kf6 63. Kg3 Be1+ 64. Kh3 Kf7 65. Bd6 Bc3 66. Ba3 Ke8 67. Kg3 Be1+ 68. Kh3 Kd7 69.
Kg2 Bxh4 70. Bb2 Kd6 0-1

[Event "Late-Titled-Tuesday-Blitz-August-29-2023"]
[Site "Chess.com"]
[Date "2023.08.29"]
[Round "1"]
[White "santosalberto1987"]
[Black "laskakid"]
[Result "1-0"]
[WhiteElo "2554"]
[BlackElo "2175"]
[TimeControl "180+1"]
[EndTime "14:06:29 PDT"]
[Termination "santosalberto1987 won by checkmate"]

1. e4 e5 2. Nf3 Nc6 3. Bc4 Nf6 4. d3 Bc5 5. c3 d6 6. Nbd2 a5 7. O-O O-O 8. h3 h6 9. Re1 Ba7 10. Nf1 Be6 11. Bb5 Ne7 12. Ng3 Ng6 13. d4 c6 14.
Bf1 Qc7 15. Nf5 d5 16. dxe5 Nxe4 17. N5d4 Rae8 18. Bd3 Nxe5 19. Bf4 Nxf3+ 20. Qxf3 Qd7 21. Bxe4 dxe4 22. Qxe4 Bxd4 23. Qxd4 Qxd4 24. cxd4 Bd5 25. Bd6 Rxe1+ 26. Rxe1 Rd8 27. Bc7 Ra8 28. a3 a4 29.
Re7 b5 30. Be5 Kf8 31. Bd6 Kg8 32. g4 Rd8 33. Bc5 Be6 34. Rc7 Bd5 35. Kh2 g6 36.
Kg3 Re8 37. h4 g5 38. h5 Kg7 39. Bd6 Kf6 40. Be5+ Ke6 41. f4 f6 42. f5# 1-0

[Event "Late-Titled-Tuesday-Blitz-August-29-2023"]
[Site "Chess.com"]
[Date "2023.08.29"]
[Round "1"]
[White "Michalczak"]
[Black "Oleksandr_Bortnyk"]
[Result "1/2-1/2"]
[WhiteElo "2520"]
[BlackElo "3041"]
[TimeControl "180+1"]
[EndTime "14:06:30 PDT"]
[Termination "Game drawn by repetition"]

1. e4 Nf6 2. e5 Nd5 3. d4 d6 4. Nf3 dxe5 5. Nxe5 c6 6. Be2 Bf5 7. c4 Nb4 8. O-O Nd7 9. g4 Bxb1 10. Rxb1 Nxe5 11.
dxe5 Qxd1 12. Rxd1 Nxa2 13. Bd2 e6 14. b4 O-O-O 15. c5 Be7 16. Rb2 Rxd2 17. Rdxd2 Nc3 18. Bf3 a6 19. Rd3 Nb5 20. Be4 g6 21. f4 h5 22.
g5 Re8 23. Rbd2 Nc7 24. Rd6 Nb5 25. Rd7 Nc3 26. Bxc6 bxc6 27. Ra7 Nd5 28. Ra8+ Kd7 29. Ra7+ Kc8 30. Ra8+ Kd7 31. Ra7+ Kc8 1/2-1/2

[Event "Late-Titled-Tuesday-Blitz-August-29-2023"]
[Site "Chess.com"]
[Date "2023.08.29"]
[Round "1"]
[White "MFatigue"]
[Black "Duhless"]
[Result "0-1"]
[WhiteElo "2506"]
[BlackElo "3024"]
[TimeControl "180+1"]
[EndTime "14:06:30 PDT"]
[Termination "Duhless won by resignation"]

1. e4 c6 2. Bc4 d5 3. Bb3 dxe4 4. Qh5 e6 5. Nc3 Nf6 6. Qh4 a5 7. a4 Nbd7 8. Nxe4 Nxe4 9. Qxe4 Nc5 10. Qe3 Nxb3 11.
Qxb3 Qd5 12. Qxd5 cxd5 13. d4 Bd7 14. c3 f6 15. Nf3 Kf7 16. h4 Bd6 17. Bd2 b5 18. b3 bxa4 19. bxa4 Rhc8 20. Ke2 Rc4 21. Rhb1 Rxa4 22. Rxa4 Bxa4 23. Rb7+ Kg8 24. Kd3 Rb8 25. Rxb8+ Bxb8 26. c4 dxc4+ 27. Kxc4 Bc7 28. d5 Kf7 29.
Nd4 exd5+ 30. Kxd5 Bd7 31. f4 Kg6 32. g3 Kh5 33. Nb3 Kg4 34. Be1 a4 35. Nc5 Be8 36. Kc4 h5 37. Kb4 Bd6 38. Kc4 a3 39. Ne4 a2 40.
Bc3 Bf7+ 41. Kd4 Bc7 42. Ba1 Bb6+ 43. Kd3 Bg6 0-1

[Event "Late-Titled-Tuesday-Blitz-August-29-2023"]
[Site "Chess.com"]
[Date "2023.08.29"]
[Round "1"]
[White "ToddBryant"]
[Black "albi1999"]
[Result "0-1"]
[WhiteElo "2368"]
[BlackElo "2677"]
[TimeControl "180+1"]
[EndTime "14:06:32 PDT"]
[Termination "albi1999 won by resignation"]

1. e4 c6 2. d4 d5 3. f3 e6 4.
Nc3 Bb4 5. a3 Bxc3+ 6. bxc3 dxe4 7. Nh3 c5 8. fxe4 Nc6 9. Qg4 g6 10. Bg5 Qa5 11. Bd2 Qa4 12. dxc5 Qxc2 13. Bb5 e5 14.
Qf3 Bxh3 15. gxh3 O-O-O 16. Rd1 f5 17. O-O Nf6 18. Bg5 Rxd1 19. Rxd1 Nxe4 20. Bh6 Rd8 21. Rxd8+ Kxd8 22. Bxc6 bxc6 23. Qe3 Qd1+ 24. Kg2 Ke7 25. Bg5+ Ke6 26. Bh4 Qd5 27. Qf3 Qd2+ 28. Kg1 Qxc3 29. Qe2 Qxc5+ 30. Kh1 Qc1+ 31. Kg2 Qd2 32. Qxd2 Nxd2 33.
Bf2 a6 34. Be3 Nc4 35. Bc5 Kd5 36. Bf8 e4 37. Kf2 f4 38. Ke2 c5 39. Kf2 Nxa3 0-1

[Event "Late-Titled-Tuesday-Blitz-August-29-2023"]
[Site "Chess.com"]
[Date "2023.08.29"]
[Round "1"]
[White "jefferyx"]
[Black "dosto07"]
[Result "1-0"]
[WhiteElo "3024"]
[BlackElo "2506"]
[TimeControl "180+1"]
[EndTime "14:06:33 PDT"]
[Termination "jefferyx won by resignation"]

1. e4 e5 2. Nf3 Nc6 3. Nc3 Nf6 4.
d4 exd4 5. Nxd4 Bb4 6. Nxc6 bxc6 7. Bd3 d5 8. exd5 O-O 9. O-O cxd5 10. h3 c6 11. Qf3 Rb8 12. Bf4 Bd6 13. b3 Rb4 14. Ne2 Re8 15. c4 Be6 16. Rad1 Qb8 17. Bd2 Rb7 18. Nd4 Bd7 19. cxd5 cxd5 20. Rfe1 Be5 21. Bc3 Rc7 22. Ba1 Rcc8 23. Re2 Qb4 24. Nc6 Bxc6 25.
Bxe5 Ne4 26. Bxe4 dxe4 27. Qg3 g6 28. Red2 Bb5 29. Bb2 Bd3 30. Qf4 Qe7 31. f3 f5 32.
fxe4 fxe4 33. Qe3 Qc7 34. Rf2 Rcd8 35. Rc1 Qb6 36. Qxb6 axb6 37. Rc7 e3 38. Rg7+ Kh8 39.
Rxg6+ 1-0

[Event "Late-Titled-Tuesday-Blitz-August-29-2023"]
[Site "Chess.com"]
[Date "2023.08.29"]
[Round "1"]
[White "WindWhistler11"]
[Black "FaustinoOro"]
[Result "0-1"]
[WhiteElo "2482"]
[BlackElo "2906"]
[TimeControl "180+1"]
[EndTime "14:06:34 PDT"]
[Termination "FaustinoOro won by resignation"]

1. c4 e5 2. Nc3 Nf6 3. Nf3 Nc6 4. e4 Bb4 5. d3 O-O 6. Be2 d6 7. O-O Bxc3 8. bxc3 Ne7 9. Nh4 Ng6 10. Bg5 h6 11.
Nxg6 fxg6 12. Be3 g5 13. c5 d5 14. Qb3 Kh8 15. f3 c6 16. Rad1 Qc7 17. exd5 cxd5 18. d4 Be6 19. Bd3 e4 20. fxe4 Ng4 21. e5 Nxe3 22.
Rxf8+ Rxf8 23. Re1 Qf7 24. Qb2 Nc4 25. Qe2 Qf4 26. Bb1 Qd2 27. Rf1 0-1

[Event "Late-Titled-Tuesday-Blitz-August-29-2023"]
[Site "Chess.com"]
[Date "2023.08.29"]
[Round "1"]
[White "merinasian"]
[Black "YQPerez"]
[Result "0-1"]
[WhiteElo "2474"]
[BlackElo "2891"]
[TimeControl "180+1"]
[EndTime "14:06:34 PDT"]
[Termination "YQPerez won by checkmate"]

1. d4 Nf6 2. Nf3 d5 3. g3 Bf5 4. Bg2 e6 5. c4 c6 6. O-O Nbd7 7. Nc3 Be7 8. Qb3 Qb6 9. c5 Qc7 10. Bf4 Qc8 11. Nh4 Bg6 12. Nxg6 hxg6 13. Qc2 Bd8 14.
b4 Bc7 15. b5 Bxf4 16. gxf4 Ng4 17. h3 Nh6 18. e4 Qc7 19. Qd2 Nf6 20. Rae1 dxe4 21. Nxe4 Nxe4 22. Bxe4 Kf8 23. Re3 Rd8 24. bxc6 bxc6 25. Rd3 Nf5 26. Bxf5 gxf5 27. Kh2 Rh4 28. Rf3 g5 29. Kg3 Ke7 30. Kg2 g4 31.
hxg4 Rxg4+ 32. Rg3 Rxf4 33. Rd1 Rdxd4 34. Qxd4 Rxd4 35. Rxd4 Qe5 36. Rgd3 Qxc5 37. Rd7+ Kf6 38. Rd2 f4 39. Kf3 e5 40. R2d6+ Kg7 41. Rd2 Kg6 42. R2d6+ f6 43. Rd2 Kf5 44. Kg2 e4 45. R7d4 f3+ 46.
Kg3 Qe5+ 47. Kh3 Kf4 48. Rd8 Qh5# 0-1